 Dungeon Crawl Stone Soup version 0.21-a0-584-g185da8e (webtiles) character file.

229 sithsevirus the Sneak (level 5, -3/24 HPs)
             Began as a Spriggan Enchanter on Dec 21, 2017.
             Killed by divine providence
             ... invoked by an orc priest
              (10 damage)
             ... on level 4 of the Dungeon.
             The game lasted 00:16:53 (4608 turns).

sithsevirus the Sneak (Spriggan Enchanter)          Turns: 4608, Time: 00:16:54

Health: -3/24      AC:  2    Str:  4    XL:     5   Next: 71%
Magic:  6/12       EV: 20    Int: 17    God:
Gold:   154        SH:  0    Dex: 17    Spells: 9/12 levels left

rFire    . . .     SeeInvis +   a - +2 dagger
rCold    . . .     Gourm    .   (shield restricted)
rNeg     . . .     Faith    .   b - +0 robe
rPois    .         Spirit   .   (helmet restricted)
rElec    .         Reflect  .   t - scarf {cloud immunity}
rCorr    .         Harm     .   (gloves unavailable)
MR       .....                  (boots unavailable)
Stlth    +++.......             (no amulet)
HPRegen  0.08/turn              (no ring)
MPRegen  0.13/turn              (no ring)

@: very slightly contaminated, very quick
A: very small, unfitting armour, see invisible, herbivore, speed 3, slow
metabolism 2
a: no special abilities


You were on level 4 of the Dungeon.
You were near starving.

You visited 1 branch of the dungeon, and saw 4 of its levels.

You collected 154 gold pieces.

Inventory:

Hand Weapons
 a - a +2 dagger (weapon)
 g - a +1 short sword of draining
Missiles
 f - 84 stones (quivered)
 k - 6 tomahawks
 o - 24 poisoned needles
 r - 19 sling bullets
Armour
 b - a +0 robe (worn)
 t - a scarf of cloud immunity (worn)
Jewellery
 s - an uncursed ring of fire
Wands
 e - a wand of enslavement (9)
Scrolls
 i - 2 scrolls of enchant weapon
 j - 4 scrolls of identify
 n - 2 scrolls of amnesia {unknown}
 u - a scroll of teleportation
 v - a scroll of fog {unknown}
Potions
 h - 4 potions of curing
 l - a potion of mutation {unknown}
 m - a potion of resistance
 p - a potion of degeneration {unknown}
 q - 2 potions of agility {unknown}
 w - a potion of magic {unknown}
Books
 c - a book of Maledictions

   Spells                             Type                      Level
   a - Corona                         Hexes                        1
   b - Ensorcelled Hibernation        Hexes/Ice                    2
   c - Confuse                        Hexes                        3
   d - Tukima's Dance                 Hexes                        3
   e - Dazzling Spray                 Conjuration/Hexes            3
Comestibles
 d - 5 rations


   Skills:
 + Level 3.0 Short Blades
 + Level 4.6 Dodging
 + Level 6.0 Stealth
 + Level 4.0 Spellcasting
 + Level 4.7 Hexes


You had 9 spell levels left.
You knew the following spells:

 Your Spells              Type           Power        Failure   Level  Hunger
a - Corona                Hex            ###....      2%          1    None
c - Ensorcelled Hibernat  Hex/Ice        ##....       9%          2    ##.....


Dungeon Overview and Level Annotations

Branches:
Dungeon (4/15)
 Temple: D:4-7

Altars:

Annotations:
D:3 Ashen's ghost, novice OpNe


Innate Abilities, Weirdness & Mutations

You are very small and have problems with some larger weapons.
You are too small for most types of armour.
You have supernaturally acute eyesight. (SInv)
You are a herbivore.
You cover ground extremely quickly.
You need consume almost no food.


Message History

Casting: Ensorcelled Hibernation
Confirm with . or Enter, or press ? or * to list all spells.
Aiming: Ensorcelled Hibernation
Press: ? - help, Shift-Dir - straight line, f/p - orc priest
Aim: an orc priest, wielding a whip and wearing a leather armour (chance to defeat MR: 42%)
The orc resists with significant effort.
The orc hits you.
* * * LOW HITPOINT WARNING * * *
You barely miss the orc. The orc misses you.
You hit the orc.
The orc is moderately wounded.
The orc misses you. The orc barely misses you.
The orc priest calls upon Beogh to heal the orc.
The orc is healed somewhat.
You completely miss the orc.
The orc is moderately wounded.
The orc completely misses you.
The orc priest calls down the wrath of Beogh upon you.
Beogh smites you!
You die...

...........##..# #...# #.....
...........##..####.#.#######....
.....<...........................
.........##......##.#########....
.#.#.............##.# #.>..
##......###.....>##.### ###.#
###.....# ##.##.......### .# #
##......##.##o##......# .. #
#....#....##.@ooo..# ..
..##...##..####oo..# .##
#.####.o.o.....# # +# ##.o#######
#. #... #o #o .


You could see an orc priest, an orc wizard and 4 orcs.

Vanquished Creatures
  A hound (D:4)
  Terence (D:3)
  2 iguanas (D:4)
  A worker ant (D:2)
  2 adders (D:2)
  An adder skeleton (D:4)
  2 worms (D:3)
  A dart slug (D:2)
  5 leopard geckos
  An orc (D:3)
  A giant cockroach (D:3)
  8 goblins
  5 hobgoblins
  6 jackals
  A quokka (D:4)
  A ball python (D:2)
  9 bats
  5 frilled lizards
  3 kobolds
  12 rats
68 creatures vanquished.

Notes
Turn   | Place    | Note
-------+----------+-------------------------------------------
     0 | D:1      | sithsevirus the Spriggan Enchanter began the quest for the Orb.
     0 | D:1      | Reached XP level 1. HP: 9/9 MP: 5/5
   207 | D:1      | Reached XP level 2. HP: 11/13 MP: 6/6
   285 | D:1      | Learned a level 2 spell: Ensorcelled Hibernation
  1223 | D:2      | Reached skill level 5 in Stealth
  1223 | D:2      | Reached XP level 3. HP: 16/16 MP: 8/8
  1934 | D:2      | Reached XP level 4. HP: 14/21 MP: 2/10
  2420 | D:3      | Noticed Terence
  2426 | D:3      | Killed Terence
  2612 | D:3      | Noticed a phantom
  2893 | D:3      | Noticed Ashen's ghost (novice OpNe)
  3093 | D:3      | Reached XP level 5. HP: 20/24 MP: 11/11
  3714 | D:4      | Reached skill level 6 in Stealth
  4608 | D:4      | Killed from afar by an orc priest

Vault maps used:
D:1:      dpeg_arrival_subterranean_lakeside_camping
D:3:      first_ration, uniq_terence
D:4:      nemelex_lonely_heart_becter

Skill      XL: |  1  2  3  4  5 |
---------------+----------------+-----
Spellcasting   | 3 4 |  4.0
Stealth        | 5 6 |  6.0
Hexes          | 4 |  4.7
Short Blades   | 2 3 |  3.0
Dodging        | 4 |  4.6

Action                   |  1- 3 |  4- 6 || total
-------------------------+-------+-------++-------
Melee: Dagger            |   121 |   167 ||   288
 Cast: Ensorcelled Hiber |    17 |    27 ||    44
       Corona            |       |     3 ||     3
  Use: Scroll            |       |     4 ||     4
       Potion            |       |     1 ||     1
 Stab: Sleeping          |    16 |    17 ||    33
  Eat: Ration            |       |     1 ||     1
Armor: Robe              |     8 |    13 ||    21
Dodge: Dodged            |    87 |   133 ||   220

Table legend:
 A = Spawn XP
 B = Non-spawn XP
 C = Spawn XP percentage of total XP
 D = Spawn monster count
 E = Non-spawn monster count
 F = Spawn count percentage of total count
 G = Total turns spent on level
                    A         B        C        D         E        F      G
               +---------+---------+-------+---------+---------+-------+---------
         Total |       0 |     328 |   0.0 |       0 |      68 |   0.0 |  4608
               +---------+---------+-------+---------+---------+-------+---------
           D:1 |       0 |      30 |   0.0 |       0 |      18 |   0.0 |  1081
           D:2 |       0 |     103 |   0.0 |       0 |      27 |   0.0 |  1296
           D:3 |       0 |      65 |   0.0 |       0 |      15 |   0.0 |  1245
           D:4 |       0 |     130 |   0.0 |       0 |       8 |   0.0 |   986
               +---------+---------+-------+---------+---------+-------+---------
